Map: Neon Violet Square LE

Players

Reynor

  • Race: Zerg Zerg
  • Spawn Location: 5:00

Maru - Winner!

  • Race: Terran Terran
  • Spawn Location: 11:00

Event: WESG 2017 Haikou

VOD

Have the link to the VOD?

Description

Time

  • Played on: March 16, 2018, 11:24 p.m.
  • Length: 8:41

All games in this series

Show
View Real Time Build Order
Export as new Build Order

Reynor Zerg 

Build Orders: Hatch First 

Get SALT Encoding   

  12  0:01  Drone  
  13  0:13  Overlord  
  13  0:18  Drone  
  14  0:33  Drone x2  
  14  0:35  Drone  
  17  0:54  Hatchery  
  17  0:56  Drone  
  17  1:01  Drone  
  18  1:11  Extractor  
  17  1:16  Spawning Pool  
  16  1:19  Drone  
  16  1:22  Drone  
  18  1:28  Drone  
  19  1:39  Overlord  
  19  1:56  Drone  
  20  2:03  Queen, Zergling x2  
  20  2:06  Queen, Zergling x2  
  26  2:14  Spine Crawler, Zergling x2  
  26  2:22  Spine Crawler  
  25  2:24  Zergling x2  
  26  2:31  Spine Crawler  
  26  2:33  Zergling x2  
  26  2:36  Zergling x2  
  27  2:40  Zergling x2  
  28  2:45  Zergling x2  
  29  2:52  Zergling x4  
  31  3:04  Zergling x4  
  28  3:16  Drone x2  
  30  3:30  Hatchery  
  30  3:31  Overlord  
  29  3:37  Metabolic Boost  
  29  3:56  Hatchery  
  29  3:58  Drone  
  29  4:01  Drone  
  30  4:09  Overlord  
  30  4:23  Overlord  
  30  4:28  Drone x2  
  30  4:29  Overlord, Queen  
  34  4:38  Zergling x2  
  34  4:44  Zergling x6  
  36  4:46  Zergling x2  
  36  4:55  Drone x2  
  38  5:02  Queen  
  38  5:04  Zergling x2  
  38  5:05  Zergling x2  
  42  5:09  Drone x3  
  45  5:17  Drone x3  
  45  5:18  Zergling x2  
  45  5:21  Drone  
  43  5:28  Drone x2  
  45  5:34  Pneumatized Carapace  
  45  5:39  Queen  
  45  5:41  Zergling x4  
  49  5:54  Hatchery  
  49  5:55  Drone  
  48  5:58  Zergling x2  
  48  6:01  Drone x2  
  51  6:06  Evolution Chamber  
  51  6:07  Zergling x4  
  52  6:13  Zergling x6  
  52  6:15  Zergling x2  
  52  6:17  Zergling x2  
  57  6:22  Zergling x2  
  57  6:24  Queen  
  60  6:29  Overlord  
  60  6:42  Overlord  
  60  6:44  Zerg Missile Weapons Level 1  
  60  6:47  Drone, Overlord  
  60  6:48  Drone x2  
  60  6:49  Queen  
  60  6:52  Zergling x2  
  51  7:16  Zergling x14  
  51  7:19  Queen  
  51  7:21  Drone x2  
  60  7:25  Drone  
  60  7:27  Zergling x4  
  60  7:28  Drone  
  60  7:29  Drone x2  
  68  7:31  Lair  
  68  7:33  Drone  
  67  7:38  Drone  
  67  7:41  Extractor  
  67  7:44  Overlord  
  67  7:46  Queen  
  69  7:53  Drone x3  
  69  7:58  Zergling x2  
  70  8:04  Queen  
  67  8:05  Drone x3  
  67  8:07  Drone x2  
  67  8:10  Zergling x4  
  67  8:11  Drone x2  
  68  8:14  Drone  
  68  8:16  Overlord  
  57  8:35  Spire  
Show
View Real Time Build Order
Export as new Build Order

Maru Terran - Winner!

Build Orders:  

Get SALT Encoding   

  12  0:00  SCV  
  13  0:12  SCV  
  14  0:19  Supply Depot  
  14  0:25  SCV  
  15  0:41  SCV  
  16  0:43  Barracks  
  16  0:53  SCV  
  17  0:58  Barracks  
  17  1:05  SCV  
  17  1:08  Refinery  
  18  1:17  SCV  
  19  1:30  Orbital Command, Marine  
  20  1:37  Supply Depot  
  20  1:45  Marine  
  21  1:48  Marine  
  21  1:51  Bunker  
  22  1:58  Bunker  
  22  2:01  SCV  
  22  2:06  Marine  
  22  2:07  Marine  
  25  2:13  SCV  
  26  2:19  Factory  
  26  2:26  Bunker  
  26  2:28  Marine  
  27  2:31  Marine  
  27  2:33  SCV  
  29  2:40  Supply Depot  
  28  2:46  Marine  
  29  2:51  Marine  
  30  3:00  SCV  
  30  3:02  Factory Reactor  
  30  3:04  Marine  
  32  3:11  Starport  
  32  3:14  SCV  
  33  3:27  SCV, Command Center  
  34  3:34  Supply Depot  
  34  3:37  Refinery  
  34  3:39  SCV  
  35  3:51  Hellion x2  
  39  3:56  Medivac  
  39  3:57  SCV  
  42  4:10  Armory  
  42  4:14  Hellion  
  44  4:18  Hellion  
  44  4:20  SCV  
  47  4:32  Starport Tech Lab  
  50  4:38  SCV, Hellion  
  50  4:39  Hellion  
  50  4:40  Orbital Command  
  52  4:50  SCV  
  55  5:00  Hellion  
  55  5:01  Hellion  
  55  5:02  Raven, SCV  
  55  5:06  SCV  
  56  5:14  SCV  
  56  5:18  SCV  
  48  5:21  Hellion  
  48  5:22  Hellion  
  48  5:27  SCV  
  48  5:28  Terran Vehicle Weapons Level 1  
  48  5:30  SCV  
  48  5:39  SCV  
  48  5:40  Command Center  
  49  5:45  Raven  
  49  5:48  SCV  
  52  5:51  SCV  
  52  5:52  Hellion x2  
  57  5:57  Refinery  
  57  6:00  SCV  
  57  6:01  Refinery  
  58  6:05  SCV, Supply Depot  
  59  6:12  SCV  
  59  6:16  Barracks Reactor  
  59  6:18  SCV, Factory  
  61  6:24  SCV  
  62  6:27  Hellion x2  
  62  6:30  SCV  
  67  6:36  SCV  
  68  6:41  Armory  
  68  6:42  SCV  
  69  6:48  SCV  
  69  6:52  Hellion x2  
  69  6:54  SCV, Factory  
  75  6:58  SCV  
  76  7:04  SCV  
  77  7:14  Hellion  
  77  7:15  Starport Tech Lab  
  73  7:17  SCV, Orbital Command  
  73  7:20  Refinery  
  70  7:29  Hellion x3  
  74  7:35  Raven, Hellion  
  78  7:40  Supply Depot  
  78  7:41  Hellion  
  78  7:42  SCV  
  81  7:50  Hellion x3  
  83  7:53  SCV x2  
  85  8:00  SCV  
  85  8:02  Hellion  
  85  8:03  Hellion  
  85  8:05  SCV  
  84  8:06  SCV  
  84  8:11  Hellion x2  
  84  8:14  SCV  
  84  8:16  Supply Depot  
  84  8:17  SCV  
  84  8:18  Hellion  
  88  8:30  Command Center  
Tags
 
Add a new tag
Caveats
  • Supply blocks, unpowered buildings, or Contaminate may cause inaccurate times.
  • Supply counts are checked every 10 seconds.